[Event "*** Titled Tuesday Blitz"]
[Site "Chess.com"]
[Date "2020.11.03"]
[Round "10"]
[White "dropstoneDP"]
[Black "Gabrielian_Artur"]
[Result "1-0"]
[WhiteElo "2915"]
[BlackElo "2794"]
[TimeControl "180+1"]
[EndTime "11:59:53 PST"]
[Termination "dropstoneDP won on time"]

1. Nf3 Nf6 2. g3 g6 3. Bg2 Bg7 4. O-O O-O 5. d4 d6 6. c4 Nbd7 7. Nc3 e5 8. e4 exd4 9. Nxd4 Nc5 10. h3 Re8 11. Re1 Bd7 12. Bf4 h6 13. g4 a5 14.
b3 a4 15. b4 Ne6 16. Be3 a3 17. f4 c5 18. bxc5 Nxc5 19. Bf2 Qa5 20. Qc2 Rac8 21. Rab1 Bc6 22. Ndb5 Red8 23. Rbd1 Bxb5 24. Nxb5 d5 25. exd5 Na6 26. Qb3 Nd7 27. d6 Ndc5 28. Qxa3 Qxa3 29. Nxa3 Nb4 30. Re2 Nbd3 31. Bxc5 Nxc5 32. Nb5 Ne6 33.
Rc2 b6 34. f5 gxf5 35. gxf5 Nf4 36. Kh1 Rc5 37. Rf2 Rxf5 38. d7 Be5 39. Rd5 f6 40. Nd6 Rg5 41. Nb7 Nxd5 42. Bxd5+ Kh7 43. Nxd8 1-0

[Event "*** Titled Tuesday Blitz"]
[Site "Chess.com"]
[Date "2020.11.03"]
[Round "10"]
[White "TokChess"]
[Black "lucachess49"]
[Result "1-0"]
[WhiteElo "2461"]
[BlackElo "2358"]
[TimeControl "180+1"]
[EndTime "11:59:53 PST"]
[Termination "TokChess won on time"]

1. Nf3 Nf6 2. g3 e6 3. Bg2 d5 4. O-O c5 5. d4 cxd4 6. Nxd4 e5 7.
Nb3 Nc6 8. Bg5 Be6 9. Nc3 d4 10. Ne4 Bxb3 11. axb3 Be7 12. Bxf6 gxf6 13. c3 f5 14. Nd2 O-O 15. Nc4 e4 16. cxd4 Qxd4 17. Ne3 Qe5 18. Qd5 Qxd5 19. Nxd5 Bc5 20. e3 Rfd8 21. Rfd1 Rd6 22. Nf4 Rad8 23. Rxd6 Rxd6 24. Bh3 Ne7 25. Rc1 b6 26. Rc4 Nc6 27. Bxf5 Rd1+ 28. Kg2 Rd2 29. Rxe4 Rxb2 30. Nh5 Rxb3 31. Re8+ Bf8 32.
Bd7 Nb4 33. Ba4 Rb2 34. Bb5 Nd5 35. Bc4 Nc7 36. Rc8 Ne6 37. Nf6+ Kg7 38. Nd7 Bc5 39.
Kf3 Ng5+ 40. Kg4 Ne4 41. f4 1-0

[Event "*** Titled Tuesday Blitz"]
[Site "Chess.com"]
[Date "2020.11.03"]
[Round "10"]
[White "JoliyRoger"]
[Black "marabu44"]
[Result "1-0"]
[WhiteElo "2372"]
[BlackElo "2250"]
[TimeControl "180+1"]
[EndTime "11:59:53 PST"]
[Termination "JoliyRoger won by resignation"]

1. Nf3 d5 2. c4 e6 3. cxd5 exd5 4. d4 Nf6 5. Nc3 c5 6. e3 Nc6 7. Bb5 cxd4 8. Nxd4 Bd7 9. O-O Be7 10. b3 O-O 11.
Bb2 a6 12. Bxc6 bxc6 13. Rc1 c5 14. Nf3 Be6 15. Na4 Rb8 16. Nxc5 Qa5 17. Na4 Rfd8 18.
Bc3 Qb5 19. Nd4 Qb7 20. Nc6 Qxc6 21. Bxf6 Qxc1 22. Qxc1 Bxf6 23. Qc6 d4 24. exd4 Bxd4 25. Qxa6 Rbc8 26. Qa5 h5 27. h3 g6 28. Nb6 Rc2 29. Nc4 Rd5 30. Qa6 Rg5 31. Qa8+ Kg7 32. Qe4 Rxc4 33. bxc4 Bf6 34. Rc1 Bxh3 35. c5 Bf5 36.
Qe3 h4 37. Kf1 Rg4 38. c6 Re4 39. Qxe4 Bxe4 40. c7 Bd3+ 41. Kg1 Ba6 42. c8=Q Bxc8 43. Rxc8 g5 44. Rc4 Kg6 45. a4 Bd8 46. Rd4 Bb6 47.
Rd6+ 1-0

[Event "*** Titled Tuesday Blitz"]
[Site "Chess.com"]
[Date "2020.11.03"]
[Round "10"]
[White "PaulfromSPb"]
[Black "pastouche06"]
[Result "0-1"]
[WhiteElo "2700"]
[BlackElo "2539"]
[TimeControl "180+1"]
[EndTime "11:59:54 PST"]
[Termination "pastouche06 won by checkmate"]

1. e4 c6 2. d4 d5 3. f3 Qb6 4.
Nc3 dxe4 5. fxe4 e5 6. dxe5 Be6 7. Nf3 Nd7 8. Bd3 Ne7 9. Bf4 Ng6 10. Bg3 O-O-O 11.
Qe2 Qxb2 12. O-O Bc5+ 13. Kh1 Qxc3 14. Rab1 Ndxe5 15. Ba6 Bb6 16. a4 Nxf3 17. Rxf3 Qd2 18. Qf1 Qa5 19. Bd3 Ne5 20. Rf5 Bxf5 21. Qxf5+ Nd7 22.
Qxf7 Rhf8 23. Qxg7 Bc7 24. e5 Bxe5 25. Qg5 Qc7 26.
Bh4 Bf6 27. Qh5 Bxh4 28. Qxh4 Ne5 29. Bxh7 Kb8 30. Be4 Qf7 31. h3 Qf4 32. Qe7 Rd7 33.
Qb4 Rfd8 34. a5 Qd2 35. Qb2 Qd4 36. Qxd4 Rxd4 37. Bf5 a6 38. Kh2 Nc4 39. Ra1 Rd2 40. h4 Ne3 41. Be4 Rg8 42. Rg1 Nxc2 43. h5 Rg5 44. Bf3 Nd4 45. Bd1 Ne2 46. Re1 Rxh5# 0-1

[Event "*** Titled Tuesday Blitz"]
[Site "Chess.com"]
[Date "2020.11.03"]
[Round "10"]
[White "Jeffinho023"]
[Black "mr_gustavo"]
[Result "1-0"]
[WhiteElo "2540"]
[BlackElo "2398"]
[TimeControl "180+1"]
[EndTime "11:59:54 PST"]
[Termination "Jeffinho023 won by checkmate"]

1. d4 d5 2. c4 c6 3. Nc3 Nf6 4.
e3 e6 5. b3 Nbd7 6. Bd3 Bd6 7.
Nge2 O-O 8. Bb2 Re8 9. O-O e5 10. cxd5 cxd5 11. dxe5 Bxe5 12. Nd4 Nc5 13. Bb5 Bd7 14.
Bxd7 Qxd7 15. Nf3 Bc7 16. Rc1 Nce4 17. Nxe4 Nxe4 18. Qd3 Rad8 19. Rfd1 Bb6 20. Bd4 Bxd4 21. Qxd4 Qb5 22. Rc2 Rc8 23. Rdc1 Rc6 24. Rxc6 bxc6 25.
Qd1 Rd8 26. Nd4 Qa6 27. Nxc6 Re8 28. Qxd5 g6 29. Ne5 Qe6 30. Qxe4 Qxe5 31. Qxe5 Rxe5 32. Rc7 Rd5 33. g3 a5 34. Rc4 Kg7 35. Ra4 Kf6 36.
h4 Ke5 37. b4 axb4 38. Rxb4 Ra5 39. a4 Kd5 40. Kg2 f5 41. Kf3 h6 42. Rb6 g5 43.
Rxh6 gxh4 44. Rxh4 Ke5 45. Rb4 Kf6 46. Kf4 Ra6 47.
f3 Ra5 48. Rb6+ Kf7 49. Rb5 Rxa4+ 50. Kxf5 Ra3 51. Kf4 Ra2 52. g4 Ra1 53. g5 Rg1 54. Kf5 Rf1 55. Rb7+ Kf8 56. f4 Re1 57. e4 Ra1 58. g6 Ra6 59. e5 Rc6 60. e6 Rc8 61. Kf6 Re8 62. f5 Rc8 63. Rd7 Re8 64. e7+ Kg8 65. Rd8 Rxd8 66. exd8=Q# 1-0

[Event "*** Titled Tuesday Blitz"]
[Site "Chess.com"]
[Date "2020.11.03"]
[Round "10"]
[White "Nikolaj_6"]
[Black "Evgeny81"]
[Result "1-0"]
[WhiteElo "2563"]
[BlackElo "2709"]
[TimeControl "180+1"]
[EndTime "11:59:57 PST"]
[Termination "Nikolaj_6 won by resignation"]

1. e4 c5 2. Nf3 d6 3. d4 cxd4 4. Nxd4 Nf6 5. Nc3 Nc6 6. Bg5 Bd7 7.
Qd2 Nxd4 8. Qxd4 Qa5 9. Bxf6 gxf6 10. O-O-O Rc8 11. Kb1 h5 12. f4 h4 13. Be2 Qc5 14. Qd3 Bg7 15. f5 Bh6 16. Nd5 a6 17. c4 Bg5 18. g3 b5 19. gxh4 Rxh4 20. Rc1 Bxc1 21. Rxc1 Qf2 22. a3 Rxe4 23. Nxf6+ exf6 24. Qxe4+ Kf8 25. Bd3 bxc4 26. Rxc4 Rxc4 27. Qxc4 Bxf5 28. Qxa6 Qf1+ 29. Kc2 Qe2+ 30. Kc3 Qe5+ 31. Kc2 Qxh2+ 32. Kc3 Qe5+ 33. Kc2 Qc5+ 34. Kd2 Be6 35. b4 Qf2+ 36.
Kc3 f5 37. Qxd6+ Kg7 38. Qd4+ Qxd4+ 39. Kxd4 Kf6 40. a4 Kg5 41. a5 f4 42. a6 Bc8 43. b5 f3 44. Ke3 Kg4 45. Be4 f5 46.
Bxf3+ Kg3 47. a7 f4+ 48. Ke2 1-0

[Event "*** Titled Tuesday Blitz"]
[Site "Chess.com"]
[Date "2020.11.03"]
[Round "10"]
[White "mortngabriel"]
[Black "pfalcon1949"]
[Result "0-1"]
[WhiteElo "2272"]
[BlackElo "1998"]
[TimeControl "180+1"]
[EndTime "11:59:57 PST"]
[Termination "pfalcon1949 won by resignation"]

1. d4 d5 2. Bg5 h6 3. Bh4 c6 4. Nf3 Qb6 5. b3 e6 6. e3 Be7 7. Bxe7 Nxe7 8. Bd3 Nd7 9. O-O Nf6 10. c4 O-O 11.
Nc3 c5 12. Na4 Qc7 13. Nxc5 b6 14. Na4 dxc4 15. bxc4 Bb7 16. Rc1 Rac8 17. Nc3 Rfd8 18.
Ne5 Nc6 19. Nb5 Qb8 20. Ng4 Nxg4 21. Qxg4 a6 22. Nc3 Nb4 23. Be2 f5 24. Qg6 Re8 25. Rb1 a5 26. a3 Nc2 27. Rxb6 Nxa3 28. Ra1 Nxc4 29. Bxc4 Rxc4 30. Rxb7 Qxb7 31. Qxe8+ Kh7 32.
Ne2 Qb2 33. Re1 Qxe2 34. Rf1 Rc2 35. Qxe6 Qd3 36. h4 a4 37. h5 a3 38. d5 a2 39.
Ra1 Rd2 40. Qe5 Rd1+ 41. Kh2 Rxa1 42. Qxa1 Qb1 43. Qb2 Qxb2 0-1

[Event "*** Titled Tuesday Blitz"]
[Site "Chess.com"]
[Date "2020.11.03"]
[Round "10"]
[White "Sanan_Sjugirov"]
[Black "MomchilPetkov"]
[Result "0-1"]
[WhiteElo "2824"]
[BlackElo "2674"]
[TimeControl "180+1"]
[EndTime "11:59:58 PST"]
[Termination "MomchilPetkov won on time"]

1. d4 g6 2. e4 Bg7 3. Nf3 c6 4.
Bd3 d5 5. e5 Bg4 6. Nbd2 c5 7. c3 Nc6 8. h3 Bxf3 9. Nxf3 e6 10.
O-O Nge7 11. dxc5 Nxe5 12. Nxe5 Bxe5 13. Bb5+ Nc6 14. Bh6 Qh4 15. Qd2 Bf6 16. Rfe1 Rd8 17. Bf4 O-O 18. Bxc6 bxc6 19. Rad1 Rfe8 20. Be5 Bxe5 21.
Rxe5 Qf6 22. Rde1 a5 23. b4 Rb8 24. a3 Qh4 25. Qd3 Ra8 26. R5e3 axb4 27. cxb4 Qf6 28. Rf3 Qg7 29. Qb3 e5 30. b5 e4 31. Rfe3 Qd4 32. bxc6 Qxc5 33. Rc3 Qd6 34. c7 Rac8 35. Rec1 d4 36.
Rc6 Qf4 37. g3 Qf5 38. R1c5 Qxh3 39. Rf6 Qd7 40. Qc4 d3 41. Rcc6 d2 42. Rcd6 d1=Q+ 43. Rxd1 Qxd1+ 44. Kg2 Qd7 0-1

[Event "*** Titled Tuesday Blitz"]
[Site "Chess.com"]
[Date "2020.11.03"]
[Round "10"]
[White "zmeeed67"]
[Black "Mikasinski"]
[Result "1-0"]
[WhiteElo "2384"]
[BlackElo "2450"]
[TimeControl "180+1"]
[EndTime "11:59:58 PST"]
[Termination "zmeeed67 won by resignation"]

1. e4 c5 2. g3 d6 3. Bg2 Nf6 4. Ne2 g6 5. O-O Bg7 6. Nbc3 Nc6 7. a3 O-O 8. Rb1 a5 9. Nb5 Be6 10. d3 a4 11. c4 Ne8 12. Bd2 Nc7 13. Nxc7 Qxc7 14. Bc3 Bxc3 15. bxc3 Ra7 16. h3 Qd7 17. Kh2 f6 18. Rb5 Bf7 19. f4 Rfa8 20. f5 g5 21. Ng1 Na5 22. g4 Nb3 23. h4 h6 24.
Nf3 Qc7 25. Kg1 Be8 26. Re1 Bxb5 27. cxb5 c4 28. d4 Ra5 29. hxg5 hxg5 30. e5 dxe5 31. dxe5 Rd8 32. Qe2 Rxb5 33. exf6 exf6 34. Qe6+ Qf7 35. Bf1 Na5 36. Nd4 Rbd5 37. Qb6 R8d6 38. Qa7 b6 39.
Re7 Rd7 40. Rxf7 Rxa7 41. Rxa7 Nb3 42. Bxc4 Nxd4 43. Bxd5+ 1-0

[Event "*** Titled Tuesday Blitz"]
[Site "Chess.com"]
[Date "2020.11.03"]
[Round "10"]
[White "RaunakSadhwani2005"]
[Black "Onischuk_V"]
[Result "1-0"]
[WhiteElo "2988"]
[BlackElo "2880"]
[TimeControl "180+1"]
[EndTime "11:59:59 PST"]
[Termination "RaunakSadhwani2005 won on time"]

1. c4 g6 2. Nc3 Bg7 3. d4 d6 4.
e4 Nf6 5. Nf3 O-O 6. Be2 Nbd7 7.
O-O c6 8. h3 e5 9. d5 c5 10. a3 Ne8 11. b4 h6 12. Ne1 f5 13.
Nd3 b6 14. Bb2 Ndf6 15. exf5 gxf5 16. f4 e4 17. Ne1 Bd7 18. Nc2 Qe7 19. Ne3 Qf7 20.
Kh1 h5 21. Rg1 Qg6 22. g3 Kf7 23. Rg2 Rh8 24. Qc2 Bh6 25. Rag1 Qh7 26. Rf1 Bg7 27. Qb3 Rc8 28. a4 Rb8 29. bxc5 dxc5 30. d6 Nxd6 31. Rd1 Nde8 32. Bf1 Be6 33. Rgd2 Qg6 34. Rg2 Rf8 35.
Ncd5 Rb7 36. Be2 Qh6 37. Rh2 Rd7 38. g4 Bxd5 39. g5 Qh8 40. gxf6 Bxf6 41. Bxf6 Qxf6 42.
Bxh5+ Kg7 43. Nxd5 Qh4 44. Rg1+ Kh8 45. Bxe8 Rxe8 46.
Qg3 Qxg3 47. Rxg3 a6 48. Rg5 b5 49. Rhg2 1-0

[Event "*** Titled Tuesday Blitz"]
[Site "Chess.com"]
[Date "2020.11.03"]
[Round "10"]
[White "Bastiandash"]
[Black "chessmadara"]
[Result "1-0"]
[WhiteElo "2344"]
[BlackElo "2217"]
[TimeControl "180+1"]
[EndTime "11:59:59 PST"]
[Termination "Bastiandash won by resignation"]

1. e4 c5 2. Nf3 Nc6 3. c3 Nf6 4. e5 Nd5 5. g3 g6 6. Bg2 Bg7 7. d4 cxd4 8. cxd4 O-O 9. O-O d6 10.
exd6 Qxd6 11. Nc3 Nb6 12. Bf4 Qd8 13. Qe2 Nxd4 14. Nxd4 Bxd4 15. Rfd1 h5 16. Be5 Bg4 17. Rxd4 Qxd4 18. Bxd4 Bxe2 19. Nxe2 Rac8 20. Bc3 Na4 21. Bxb7 Nxc3 22. bxc3 Rc7 23. Bd5 Rd8 24. Bb3 Rd2 25. Re1 e5 26. c4 f5 27. Nc3 e4 28. Nd5 Rc5 29. Nf4 Kf7 30. Nd5 Kg7 31. Nc3 a5 32. Na4 Rc7 33. c5 Rd4 34. Rc1 g5 35. Nb6 f4 36.
gxf4 gxf4 37. Nd5 Rf7 38. c6 e3 39. fxe3 fxe3 40. Nxe3 Rc7 41. Nd5 Rc8 42. c7 Rd2 43. Nb6 Rxc7 44. Rxc7+ 1-0

[Event "*** Titled Tuesday Blitz"]
[Site "Chess.com"]
[Date "2020.11.03"]
[Round "10"]
[White "Guenplen"]
[Black "Nikolakis2014"]
[Result "1-0"]
[WhiteElo "2898"]
[BlackElo "2763"]
[TimeControl "180+1"]
[EndTime "12:00:00 PST"]
[Termination "Guenplen won by resignation"]

1. d4 Nf6 2. Bf4 e6 3. e3 d5 4. Nd2 Bd6 5. Bg3 O-O 6. Ngf3 c5 7. c3 Qc7 8. dxc5 Qxc5 9. Rc1 Bxg3 10. hxg3 Nc6 11.
b4 Qe7 12. Bd3 e5 13. e4 d4 14. cxd4 exd4 15. b5 Nb4 16. Bb1 d3 17. e5 Ng4 18.
a3 Nxe5 19. O-O Nc2 20. Bxc2 dxc2 21. Qxc2 Nxf3+ 22. Nxf3 Qxa3 23. Ng5 g6 24. Qe4 a5 25. Qh4 h5 26. Ne4 Bf5 27. Nf6+ Kg7 28. Qg5 Rh8 29. Nd5 Qd6 30. Rfd1 Rad8 31. Ne3 Bd3 32. Rc3 f6 33. Qh4 g5 34. Qh3 Qb4 35. Rcxd3 Rxd3 36. Rxd3 Qxb5 37. Qd7+ Qxd7 38. Rxd7+ Kg6 39. Rxb7 Ra8 40. Rb3 a4 41. Ra3 Kf7 42. Nd5 Ra5 43. Nc3 Ke6 44. Rxa4 Rc5 45. Re4+ 1-0

[Event "*** Titled Tuesday Blitz"]
[Site "Chess.com"]
[Date "2020.11.03"]
[Round "10"]
[White "Iskusnyh"]
[Black "yobdc"]
[Result "0-1"]
[WhiteElo "2563"]
[BlackElo "2394"]
[TimeControl "180+1"]
[EndTime "12:00:00 PST"]
[Termination "yobdc won by checkmate"]

1. d4 d5 2. c4 e6 3. Nf3 Nf6 4. g3 Bb4+ 5. Bd2 Bxd2+ 6. Nbxd2 O-O 7. Bg2 Qe7 8. O-O Rd8 9. Qc2 Nc6 10. cxd5 exd5 11.
e3 Bg4 12. a3 Rd6 13. Rac1 Re8 14. b4 a6 15. Nb3 Ne4 16. Nc5 Rf6 17. Ne5 Nxe5 18.
dxe5 Qxe5 19. Nxe4 dxe4 20. Qxc7 h5 21. Qxb7 h4 22.
Rc5 Qe6 23. Qd5 h3 24. Qxe6 Rfxe6 25. Bh1 Rd8 26. a4 Rd2 27. b5 axb5 28. axb5 f5 29. Rb1 Rb6 30. Re5 Rbd6 31. Re1 Re2 32. Rf1 Rb2 33. Rc5 Rdd2 34. Re5 Kh7 35. Rc5 Kh6 36. Rc6+ g6 37. Rc5 Be2 38. Rfc1 Bxb5 39. Rc8 Rxf2 40. Rh8+ Kg5 41. Rxh3 Rfe2 42. Bxe4 fxe4 43.
Rc5+ Kg4 44. Rh4+ Kf3 45. Rf4+ Kxe3 46. Rc3+ Kd4 47. Rc1 Rg2+ 48. Kh1 Rxh2+ 49. Kg1 Rbg2# 0-1

[Event "*** Titled Tuesday Blitz"]
[Site "Chess.com"]
[Date "2020.11.03"]
[Round "10"]
[White "jefferyx"]
[Black "Zhigalko_Sergei"]
[Result "1-0"]
[WhiteElo "2953"]
[BlackElo "2920"]
[TimeControl "180+1"]
[EndTime "12:00:01 PST"]
[Termination "jefferyx won by resignation"]

1. d4 Nf6 2. c4 e6 3. Nc3 Bb4 4. Qc2 O-O 5. e4 d5 6. e5 Ne4 7. Bd3 c5 8. Nf3 cxd4 9. Nxd4 Nd7 10. Bf4 Ndc5 11. O-O Bxc3 12. bxc3 Bd7 13. cxd5 Ba4 14. Nb3 Qxd5 15. Rad1 Rfd8 16. c4 Qc6 17. Be2 Rxd1 18.
Rxd1 Qb6 19. Be3 Bxb3 20. axb3 Qxb3 21. Rc1 a5 22. Bf3 Qxc2 23. Rxc2 a4 24. Bxe4 Nxe4 25. f3 a3 26. fxe4 a2 27. Bd4 a1=Q+ 28. Bxa1 Rxa1+ 29. Kf2 g5 30. Ke3 Rb1 31. Kd4 h5 32. Kc5 Kg7 33.
Kd6 h4 34. c5 Kg6 35. Rf2 Rb4 36. Rf6+ Kh5 37. Rxf7 Rxe4 38. Rxb7 Re2 39. c6 Rxg2 40. c7 Rd2+ 41. Kxe6 Rc2 42. Kd7 Rd2+ 43. Ke7 Rc2 44. Kd8 Rd2+ 45. Kc8 Rc2 46. Kb8 g4 47.
c8=Q Rxc8+ 48. Kxc8 g3 49. hxg3 hxg3 50. Rg7 g2 51.
Rxg2 1-0

[Event "*** Titled Tuesday Blitz"]
[Site "Chess.com"]
[Date "2020.11.03"]
[Round "10"]
[White "TorFredrikKaasen"]
[Black "GigaQuparadze"]
[Result "0-1"]
[WhiteElo "2726"]
[BlackElo "2871"]
[TimeControl "180+1"]
[EndTime "12:00:01 PST"]
[Termination "GigaQuparadze won by resignation"]

1. d4 Nf6 2. c4 e6 3. Nf3 b6 4. g3 Ba6 5. Nbd2 Bb4 6. Qc2 Bb7 7. Bg2 Be4 8. Qb3 Bxd2+ 9. Bxd2 O-O 10. O-O d6 11. Rfd1 a5 12. Rac1 Nbd7 13. Qa3 Qc8 14. c5 bxc5 15. dxc5 Nxc5 16. Bxa5 Nb7 17. b4 Nxa5 18.
bxa5 Nd5 19. Nd4 Bxg2 20. Kxg2 Qa6 21. e4 Nf6 22. Rxc7 Nxe4 23. Nc6 Qe2 24. Qf3 Qxf3+ 25. Kxf3 d5 26. Ke3 g5 27. f3 Nd6 28. Rc1 Nc4+ 29. Kd4 Nxa5 30. Ne7+ Kg7 31. f4 Nc4 32. f5 Rxa2 33. fxe6 Nd6 34. Rd7 Nb5+ 35. Kxd5 fxe6+ 36. Kc5 Na3 37. h4 gxh4 38. gxh4 Kh8 39. Rg1 Rc2+ 40.
Kd6 Nc4+ 41. Kxe6 Re2+ 42. Kd5 Nb6+ 43. Kc6 Nxd7 44. Kxd7 Rd2+ 45. Ke6 Rh2 46. Rg4 Rh3 47.
Kd7 Re3 48. Kd6 Rd8+ 49. Kc7 Re8 50. Nd5 R3e4 51. Nf6 Rxg4 52. Nxg4 Re4 0-1

[Event "*** Titled Tuesday Blitz"]
[Site "Chess.com"]
[Date "2020.11.03"]
[Round "10"]
[White "Shield12"]
[Black "Kobalia"]
[Result "1-0"]
[WhiteElo "2911"]
[BlackElo "2748"]
[TimeControl "180+1"]
[EndTime "12:00:01 PST"]
[Termination "Shield12 won on time"]

1. e4 c6 2. d4 d5 3. exd5 cxd5 4. Bd3 Nc6 5. c3 Nf6 6. h3 g6 7. Bf4 Bf5 8. Be2 e6 9. Nf3 Bd6 10. Bh6 Bf8 11. Bxf8 Kxf8 12. Nbd2 Be4 13. Nxe4 Nxe4 14.
Bd3 Nd6 15. h4 h5 16. Qe2 Qf6 17. g3 Kg7 18. O-O Nf5 19. Rfe1 a6 20. a4 Rae8 21.
Kg2 Nh6 22. b4 a5 23. bxa5 Nxa5 24. Rab1 Re7 25. Rb5 Ra8 26. Rxd5 Rc7 27. Rg5 Nf5 28. c4 Nxd4 29. Nxd4 Qxd4 30. Bxg6 fxg6 31. Qxh5 Qf6 32. Re4 Rc5 33. Qg4 Rxg5 34. hxg5 Qf5 35. Qe2 Nc6 36. Qb2+ Kg8 37. Rh4 Ne5 38. Qxb7 Ra7 39. Qc8+ Kg7 40. Qh8+ 1-0

[Event "*** Titled Tuesday Blitz"]
[Site "Chess.com"]
[Date "2020.11.03"]
[Round "10"]
[White "Zq1"]
[Black "anon102030"]
[Result "1-0"]
[WhiteElo "2543"]
[BlackElo "2653"]
[TimeControl "180+1"]
[EndTime "12:00:01 PST"]
[Termination "Zq1 won on time"]

1. d4 Nf6 2. c4 e5 3. dxe5 Ng4 4. Bf4 Nc6 5. Nf3 Bb4+ 6. Nc3 Bxc3+ 7. bxc3 Qe7 8. Qd5 Qa3 9. Qd2 Qe7 10. Qd5 Qa3 11.
Rc1 f6 12. exf6 Nxf6 13. Qd2 d6 14. e3 Bf5 15. Be2 Ne4 16. Qd1 Nxc3 17. Qd2 Ne4 18. Qd1 O-O 19. O-O Nc3 20. Rxc3 Qxc3 21. Qd5+ Kh8 22.
Ng5 Qf6 23. e4 Bd7 24. Be3 Rae8 25. f4 h6 26. Nf3 Nd8 27. e5 dxe5 28. Qxd7 exf4 29.
Bd4 Qf7 30. Qxf7 Rxf7 31. Bd3 b6 32. Bg6 Rfe7 33. Bxe8 Rxe8 34. Be5 Ne6 35. h4 Kh7 36.
h5 g5 37. hxg6+ Kxg6 38. Re1 Ng5 39. Bc3 Re3 40. Rxe3 fxe3 41. Bd4 e2 42. Kf2 c5 43. Bb2 Ne4+ 44. Kxe2 Kf5 45. Kd3 Nf2+ 46. Ke2 Ne4 47. Nd2 Nd6 48. Kf3 h5 49. a4 Nf7 50. Ne4 h4 51. Bc3 a5 52. Bb2 Nd8 53. Nd6+ 1-0

[Event "*** Titled Tuesday Blitz"]
[Site "Chess.com"]
[Date "2020.11.03"]
[Round "10"]
[White "Godzillator"]
[Black "Skat2704"]
[Result "0-1"]
[WhiteElo "2327"]
[BlackElo "2452"]
[TimeControl "180+1"]
[EndTime "12:00:01 PST"]
[Termination "Skat2704 won on time"]

1. d4 d5 2. c4 e6 3. cxd5 exd5 4.
Nc3 Nf6 5. Bg5 Be7 6. e3 h6 7.
Bh4 O-O 8. Bd3 b6 9. Qc2 Bb7 10. Nf3 Na6 11. a3 c5 12. O-O Nc7 13. Rfd1 Ne6 14.
dxc5 bxc5 15. Bf5 d4 16. Bxe6 fxe6 17. exd4 Bxf3 18. gxf3 cxd4 19. Ne2 Nd5 20. Bxe7 Qxe7 21. Nxd4 Nf4 22. Kh1 e5 23. Nc6 Qh4 24. Rg1 Qh3 25. Rg3 Qe6 26. Rag1 Rf7 27. Qe4 Re8 28. b4 Nh5 29. Rg6 Nf6 30. Qc2 Qd5 31. R1g3 e4 32. Qc3 exf3 33. h3 Nh5 34. R3g4 Qd1+ 35. Kh2 Qd7 36. b5 Qc7+ 37. Kg1 Rd7 38. Qb3+ Kh8 39. Re6 Rxe6 40. Rxg7 Rd1+ 41. Qxd1 Qxg7+ 0-1

[Event "*** Titled Tuesday Blitz"]
[Site "Chess.com"]
[Date "2020.11.03"]
[Round "10"]
[White "PlotnikovPavel"]
[Black "emiliochess"]
[Result "0-1"]
[WhiteElo "2414"]
[BlackElo "2256"]
[TimeControl "180+1"]
[EndTime "12:00:01 PST"]
[Termination "emiliochess won by checkmate"]

1. e4 c6 2. d4 d5 3. exd5 cxd5 4. Bd3 Nf6 5. c3 Bg4 6. Qb3 Qb6 7. Bf4 Qxb3 8.
axb3 Nc6 9. Nd2 e6 10. Ngf3 a6 11. b4 Rc8 12. O-O Be7 13. Ra4 Nh5 14. Bg3 Nxg3 15. hxg3 f6 16. b5 axb5 17. Bxb5 Kf7 18. Rfa1 Rc7 19. Nb3 Bf5 20. Nbd2 Bc2 21. Ra8 Rxa8 22. Rxa8 h6 23. Nf1 Bd6 24. Ne3 Bh7 25. Kf1 Re7 26. Ba4 Re8 27. Rxe8 Kxe8 28. Ke2 Kd8 29. Kd2 Kc7 30.
Nh4 Ne7 31. Bb3 Bg8 32. Bc2 b5 33. Ng6 Nxg6 34. Bxg6 Kc6 35. b4 e5 36. Be8+ Kb6 37. Nf5 Bf8 38. f4 Be6 39. Ne3 exd4 40. cxd4 Bxb4+ 41. Ke2 Bd6 42. f5 Bg8 43. g4 b4 44. Kd3 Bf4 45. Nc2 b3 46. Na3 Ka5 47. Nb1 Kb4 48.
Bd7 Bf7 49. Bc8 Be8 50. Be6 Bb5# 0-1

[Event "*** Titled Tuesday Blitz"]
[Site "Chess.com"]
[Date "2020.11.03"]
[Round "10"]
[White "Duhless"]
[Black "ShimanovAlex"]
[Result "1-0"]
[WhiteElo "3006"]
[BlackElo "2832"]
[TimeControl "180+1"]
[EndTime "12:00:02 PST"]
[Termination "Duhless won by resignation"]

1. d4 Nf6 2. Nf3 g6 3. Bg5 Bg7 4. Nbd2 O-O 5. e3 d6 6. Bc4 b6 7. a4 a6 8. e4 Bb7 9. Qe2 h6 10. Bxf6 exf6 11. O-O Nd7 12. Qd3 Kh7 13. Rfe1 h5 14.
Nf1 Bh6 15. Rad1 Kg7 16. c3 Re8 17. Ng3 Nf8 18. Nh4 Bg5 19. Nhf5+ Kg8 20. h4 Bf4 21. Nxh5 gxh5 22. Qf3 Ng6 23. g3 Qd7 24. Qxh5 d5 25. gxf4 Rxe4 26. Rxe4 dxc4 27. Re7 Qd5 28. Nh6+ Kf8 29.
Rxf7+ Ke8 30. Re1+ Kd8 31. Qxd5+ Bxd5 32. Rxf6 Nxh4 33.
Rf8+ Kd7 34. Rxa8 Bxa8 35. Re3 Bf3 36. Nf5 Nxf5 37. Rxf3 b5 38. axb5 axb5 39. Rh3 Nd6 40. Kg2 c6 41. Kf3 b4 42. Rh7+ Ke6 43. Rh6+ Kd5 44.
Rxd6+ Kxd6 1-0

[Event "*** Titled Tuesday Blitz"]
[Site "Chess.com"]
[Date "2020.11.03"]
[Round "10"]
[White "nitpicker"]
[Black "ural58"]
[Result "0-1"]
[WhiteElo "2154"]
[BlackElo "2359"]
[TimeControl "180+1"]
[EndTime "12:00:02 PST"]
[Termination "ural58 won on time"]

1. d4 d5 2. c4 e5 3. dxe5 d4 4. Nf3 Nc6 5. Nbd2 a5 6. g3 Bf5 7. a3 a4 8. Bg2 Qd7 9. O-O Bh3 10. Ne4 Bxg2 11. Kxg2 h6 12. e3 Qg4 13. Qd3 Qxf3+ 14. Kxf3 Nxe5+ 15. Ke2 Nxd3 16. Kxd3 dxe3 17. Bxe3 O-O-O+ 18. Ke2 Ne7 19. Nc5 Nf5 20. Nxa4 Be7 21. Rfd1 Rde8 22.
Kf3 Nxe3 23. fxe3 Bf6 24. Rac1 Re5 25. Rd5 Re7 26. b4 Rhe8 27. Rd3 Re5 28. Rcd1 Rf5+ 29. Ke2 h5 30. Rf1 Rfe5 31. Nc3 h4 32. Nd5 Bd8 33.
Rxf7 c6 34. Nf4 hxg3 35. hxg3 Rg5 36. Kf2 Rge5 37. Rdd7 Rxe3 38. Rxb7 Rxa3 39. Ra7 Rxa7 40. Rxa7 Re4 41. Rxg7 Rxc4 42. Nd3 Bb6+ 43. Kf3 Rd4 44. Ke2 Re4+ 45. Kd2 Be3+ 46. Kc3 Bd4+ 47. Kd2 Bxg7 0-1

[Event "*** Titled Tuesday Blitz"]
[Site "Chess.com"]
[Date "2020.11.03"]
[Round "10"]
[White "tylityli"]
[Black "dpopadic"]
[Result "0-1"]
[WhiteElo "2275"]
[BlackElo "2404"]
[TimeControl "180+1"]
[EndTime "12:00:03 PST"]
[Termination "dpopadic won on time"]

1. d4 Nf6 2. c4 g6 3. Nc3 Bg7 4. e4 d6 5. Nge2 O-O 6. Ng3 e5 7. d5 a5 8. Be2 c6 9. O-O cxd5 10. cxd5 Nbd7 11. Be3 b6 12. Bb5 Nc5 13. Rc1 Bd7 14. f3 Bxb5 15. Nxb5 Qd7 16. a4 Rfc8 17. b3 Ne8 18. Rc3 Nc7 19. Nxc7 Rxc7 20. Qe2 Rac8 21. Rfc1 h5 22. Qf2 Kh7 23. Qd2 Bf6 24. Ne2 Bg7 25.
R1c2 Nxb3 26. Rxc7 Rxc7 27. Rxc7 Qxc7 28. Qb2 Nc5 29.
Qb5 Bh6 30. Bxh6 Kxh6 31. Qc6 Qd8 32. Nc3 Qg5 33. h3 Qe3+ 34. Kh2 Qxc3 35. Qxd6 Kg7 36.
Qxb6 Nxa4 37. Qd8 Nc5 38. d6 a4 39. Qc7 Qd4 40. Qb6 a3 41. Qa5 Qxd6 42. Qxa3 Qc7 43.
Qc3 Ne6 44. Qe3 Nf4 45. Qd2 Qc5 46. g3 Ne6 47. f4 Qd4 0-1

[Event "*** Titled Tuesday Blitz"]
[Site "Chess.com"]
[Date "2020.11.03"]
[Round "10"]
[White "profofchess"]
[Black "juancruzarias"]
[Result "0-1"]
[WhiteElo "2388"]
[BlackElo "2551"]
[TimeControl "180+1"]
[EndTime "12:00:04 PST"]
[Termination "juancruzarias won on time"]

1. e4 c5 2. Nf3 d6 3. c3 Nf6 4. Bc4 e6 5. Qe2 Be7 6. Bb3 O-O 7. O-O d5 8. e5 Nfd7 9. d4 b6 10. Re1 Ba6 11. Qe3 Nc6 12. Qf4 Rc8 13. Qg4 Re8 14.
Bh6 Bf8 15. Nbd2 Ne7 16. Rac1 cxd4 17. cxd4 Bd3 18. Bg5 Rxc1 19. Rxc1 Bf5 20. Qg3 Qb8 21. Nf1 Rc8 22. Nh4 Rxc1 23. Bxc1 Qc8 24. Bg5 Bc2 25. h3 Bxb3 26. Qxb3 Qc4 27. Qxc4 dxc4 28. Nd2 b5 29. Ne4 Nd5 30. Nf3 f6 31. exf6 gxf6 32. Bd2 Kf7 33.
Ba5 Be7 34. g3 h6 35. Kf1 f5 36. Nc3 Nxc3 37. bxc3 Bd6 38. Ke2 Nf6 39. Bb4 Bxb4 40. cxb4 Nd5 41. Ne5+ Ke8 42. a3 Nc3+ 43. Kd2 Ne4+ 44.
Ke3 Nc3 45. Kd2 Nd5 46. h4 h5 47. f3 a6 48. g4 fxg4 49. fxg4 hxg4 50. Nxg4 Kf7 51.
Ne5+ Kf6 52. Nd7+ Kf5 53. Nc5 Nc7 54. a4 Kg4 55. Ke3 Kxh4 56. a5 Kg5 57. Ke4 Kf6 58.
Nd7+ Ke7 59. Nc5 Kd6 60. Nb7+ Kc6 61. Nc5 Kd6 62. Nb7+ Ke7 63. Nc5 Kf7 64. Nb7 Nd5 0-1